Map: Dusk Towers

Players

uniQFazer - Winner!

  • Race: Protoss Protoss
  • League: Master

Miszu

  • Race: Terran Terran
  • League: Master

VOD

Have the link to the VOD?

Description

Time

  • Played on: March 16, 2016, 2:45 p.m.
  • Length: 11:59
Show
View Real Time Build Order
Export as new Build Order

uniQFazer Protoss - Winner!

Build Orders: 1 Gate Expand 

Get SALT Encoding   

  12  0:01  Probe (Chrono Boost)  
  13  0:11  Probe (Chrono Boost)  
  14  0:19  Pylon  
  14  0:22  Probe (Chrono Boost)  
  15  0:37  Gateway, Probe (Chrono Boost)  
  16  0:47  Probe (Chrono Boost)  
  16  0:48  Assimilator  
  17  0:58  Probe (Chrono Boost)  
  18  1:08  Probe (Chrono Boost)  
  19  1:19  Probe (Chrono Boost)  
  19  1:23  Nexus  
  20  1:33  Cybernetics Core  
  20  1:34  Probe (Chrono Boost)  
  21  1:43  Assimilator  
  21  1:45  Probe (Chrono Boost)  
  22  1:50  Pylon  
  22  1:55  Probe (Chrono Boost)  
  23  2:09  Mothership Core (Chrono Boost)  
  23  2:13  Adept (Chrono Boost)  
  27  2:27  Probe (Chrono Boost)  
  28  2:31  Warp Gate  
  28  2:35  Probe  
  29  2:39  Adept (Chrono Boost)  
  29  2:43  Pylon, Probe  
  32  2:46  Probe  
  33  2:55  Probe  
  33  2:56  Probe  
  35  3:01  Pylon  
  35  3:02  Pylon  
  35  3:03  Adept (Chrono Boost)  
  37  3:06  Pylon  
  37  3:09  Probe  
  37  3:10  Probe  
  38  3:20  Probe  
  38  3:25  Probe  
  40  3:27  Stargate  
  40  3:29  Adept (Chrono Boost)  
  40  3:31  Probe  
  43  3:37  Probe  
  44  3:50  Probe  
  44  3:51  Probe  
  46  4:00  Nexus  
  46  4:04  Probe  
  46  4:06  Probe  
  48  4:11  Oracle (Chrono Boost), Twilight Council  
  51  4:18  Probe  
  51  4:19  Probe  
  51  4:20  Pylon  
  51  4:22  Pylon  
  53  4:28  Probe  
  54  4:32  Gateway  
  54  4:34  Resonating Glaives (Chrono Boost)  
  54  4:36  Gateway  
  54  4:38  Probe  
  55  4:39  Probe  
  55  4:43  Phoenix (Chrono Boost)  
  58  4:50  Probe  
  58  4:52  Assimilator  
  59  4:53  Probe  
  59  4:54  Sentry  
  59  4:58  Assimilator  
  62  5:02  Probe  
  62  5:05  Pylon, Probe  
  64  5:10  Phoenix (Chrono Boost)  
  67  5:14  Probe x2  
  67  5:18  Probe  
  69  5:25  Probe  
  69  5:26  Probe  
  71  5:30  Probe  
  71  5:31  Adept  
  71  5:35  Probe, Phoenix (Chrono Boost)  
  76  5:36  Forge  
  76  5:38  Probe  
  76  5:40  Gateway x2  
  76  5:42  Probe  
  79  5:46  Probe  
  80  5:50  Probe  
  80  5:51  Protoss Air Weapons Level 1 (Chrono Boost)  
  80  5:54  Probe  
  80  5:56  Probe  
  82  5:58  Adept x2  
  82  5:59  Adept  
  82  6:01  Phoenix (Chrono Boost)  
  82  6:02  Probe  
  92  6:06  Probe  
  92  6:07  Assimilator  
  92  6:08  Assimilator  
  93  6:13  Protoss Ground Armor Level 1 (Chrono Boost)  
  93  6:15  Pylon x2  
  93  6:16  Pylon  
  93  6:29  Phoenix  
  93  6:31  Probe  
  93  6:33  Probe x2  
  93  6:36  Adept x2  
  93  6:37  Adept  
  104  6:42  Probe  
  104  6:45  Adept, Probe x2  
  104  6:46  Adept, Fleet Beacon  
  111  6:53  Phoenix  
  111  6:54  Probe  
  111  6:56  Pylon  
  114  7:04  Adept  
  116  7:12  Pylon x2  
  116  7:14  Pylon  
  116  7:15  Pylon, Phoenix  
  116  7:21  Adept  
  116  7:22  Adept x2  
  124  7:29  Gateway  
  124  7:31  Gateway  
  124  7:33  Gateway  
  124  7:34  Tempest  
  124  7:35  Adept x2  
  122  8:00  Adept x5  
  122  8:01  Protoss Air Weapons Level 2 (Chrono Boost)  
  122  8:02  Probe  
  122  8:03  Probe x2  
  131  8:06  Protoss Ground Armor Level 2  
  131  8:12  Tempest  
  131  8:13  Stargate  
  131  8:17  Nexus  
  135  8:31  Pylon  
  135  8:34  Pylon  
  135  8:37  Pylon  
  135  8:40  Adept x5  
  135  8:41  Adept x2  
  149  8:45  Adept  
  149  8:58  Tempest (Chrono Boost)  
  151  9:04  Tempest (Chrono Boost)  
  151  9:08  Adept  
  151  9:09  Adept x4  
  165  9:19  Adept x3  
  171  9:30  Templar Archives  
  171  9:31  Gateway  
  171  9:32  Gateway  
  171  9:41  Tempest (Chrono Boost)  
  175  9:49  Adept x7  
  189  9:58  Tempest (Chrono Boost)  
  173  10:19  Tempest (Chrono Boost)  
  150  10:31  Tempest (Chrono Boost)  
  150  10:33  Adept x5  
  150  10:34  Adept x3  
  170  10:55  Adept x2, Assimilator x2  
  170  10:56  Adept x5  
  184  10:57  Pylon  
  184  10:59  Pylon  
  184  11:02  Tempest  
  180  11:43  Adept x6  
  180  11:44  Adept x4  
  180  11:45  Nexus  
Show
View Real Time Build Order
Export as new Build Order

Miszu Terran 

Build Orders: Command Center First (CC), MMM Bio 

Get SALT Encoding   

  12  0:00  SCV  
  13  0:12  SCV  
  14  0:18  Supply Depot  
  14  0:25  SCV  
  15  0:40  SCV  
  16  0:52  SCV  
  17  1:03  Command Center  
  17  1:05  SCV  
  18  1:17  SCV  
  19  1:18  Barracks  
  19  1:29  SCV  
  19  1:32  Command Center  
  20  1:39  Barracks  
  20  1:42  SCV  
  21  1:56  SCV  
  21  1:57  Barracks  
  22  2:07  Marine  
  23  2:10  Orbital Command  
  23  2:32  Refinery x2  
  23  2:38  Supply Depot  
  23  2:43  Marine x2, SCV  
  26  2:44  Orbital Command  
  26  2:46  Marine  
  27  2:56  SCV  
  28  3:01  Marine x2  
  28  3:04  Marine  
  31  3:06  Bunker  
  31  3:12  SCV  
  32  3:19  Marine x2  
  34  3:22  Marine  
  34  3:26  Supply Depot, SCV  
  35  3:27  Supply Depot  
  35  3:36  SCV  
  35  3:37  Marine x2  
  35  3:38  SCV  
  38  3:48  SCV  
  38  3:50  Barracks Tech Lab, SCV  
  38  3:54  Marine x2  
  41  4:01  SCV  
  43  4:02  SCV  
  43  4:11  Factory  
  43  4:12  Marine x2  
  43  4:13  Supply Depot, SCV  
  46  4:17  Stimpack  
  46  4:21  Marine, SCV  
  46  4:22  Supply Depot  
  48  4:25  SCV  
  48  4:29  Engineering Bay  
  48  4:30  Marine x2  
  51  4:33  SCV  
  51  4:37  Refinery, SCV  
  53  4:39  Marine  
  54  4:45  SCV  
  57  4:56  Starport, Marine, Factory Reactor  
  57  4:57  SCV  
  59  5:00  Missile Turret  
  59  5:01  Barracks Reactor  
  59  5:03  SCV  
  59  5:04  Missile Turret  
  59  5:06  Barracks Tech Lab  
  58  5:09  SCV  
  58  5:10  Terran Infantry Weapons Level 1  
  59  5:15  SCV  
  60  5:23  SCV  
  60  5:28  SCV, Liberator  
  62  5:32  Command Center  
  63  5:37  SCV  
  63  5:40  SCV  
  65  5:43  Refinery  
  67  5:55  SCV x2  
  69  6:03  Supply Depot  
  70  6:06  Supply Depot  
  70  6:07  SCV  
  70  6:09  Supply Depot  
  70  6:15  Barracks  
  70  6:16  Barracks  
  70  6:20  Combat Shields  
  70  6:22  Concussive Shells  
  70  6:25  Medivac, Marauder, SCV x2  
  76  6:28  Medivac  
  74  6:36  Fusion Core  
  74  6:37  SCV x2  
  76  6:43  Liberator x2  
  76  6:45  Marauder  
  78  6:49  SCV x2  
  80  6:57  Missile Turret  
  86  7:01  SCV x2  
  86  7:04  Starport, Barracks Tech Lab  
  86  7:05  Barracks Reactor  
  88  7:13  SCV x2  
  90  7:19  Marine x3, Marauder  
  87  7:24  Marine, Missile Turret  
  87  7:25  SCV  
  89  7:30  Orbital Command  
  89  7:37  Bunker, Marine  
  89  7:38  Marauder  
  89  7:48  SCV  
  80  7:52  Marine x2, Marauder, Orbital Command  
  80  7:53  Marauder  
  83  8:01  Marine  
  83  8:02  Marauder  
  82  8:09  Marine  
  82  8:10  Marine  
  82  8:12  Starport Tech Lab  
  90  8:13  SCV  
  90  8:18  Marine x2  
  90  8:19  Marine, Marauder  
  96  8:20  SCV x2  
  96  8:23  Marine  
  96  8:25  SCV  
  100  8:32  SCV x2  
  96  8:37  Marauder, SCV  
  96  8:40  Refinery x2  
  99  8:44  SCV x2  
  99  8:45  Engineering Bay, Command Center  
  99  8:47  Armory  
  101  8:50  SCV  
  99  8:56  SCV x2  
  99  8:57  Marine x2, Marauder  
  99  8:58  Marine x2  
  99  9:00  Viking  
  109  9:15  Terran Infantry Armor Level 1  
  109  9:31  Supply Depot  
  109  9:32  Supply Depot  
  109  9:34  Supply Depot x2, Viking, Marine x2, SCV x2  
  109  9:35  Marauder  
  117  9:49  Marine  
  117  9:53  Viking, Marine x2, Marauder x2  
  117  9:54  Marine, Medivac  
  117  9:56  Marauder  
  129  10:02  Barracks  
  129  10:03  Barracks  
  129  10:06  Marine, Barracks  
  129  10:10  Marine  
  129  10:12  Marine  
  129  10:13  Marine  
  118  10:15  Marauder x2  
  118  10:17  Marauder  
  99  10:24  Marine  
  90  10:28  Marine  
  90  10:30  Marine  
  90  10:31  Marine  
  91  10:36  Marauder x2  
  91  10:39  Marauder  
  91  10:42  Marine  
  96  10:44  Viking  
  96  10:46  Viking x2, Marine  
  96  10:48  Marine x2  
  105  10:51  Marine  
  105  10:53  Marine  
  107  10:57  Marauder x2  
  107  11:00  Marine, Marauder  
  113  11:04  Marine  
  113  11:06  Marine x2  
  113  11:08  Marine  
  113  11:11  Marine  
  112  11:14  Medivac  
  112  11:18  Marine x3  
  108  11:22  Marine  
  108  11:24  Marine x2  
  111  11:26  Marine  
  111  11:29  Marine  
  112  11:35  Marine  
  112  11:36  Marine x3  
  112  11:39  Marine  
Tags
 
Add a new tag
Caveats
  • Supply blocks, unpowered buildings, or Contaminate may cause inaccurate times.
  • Supply counts are checked every 10 seconds.